[Event "Titled Tuesday Blitz June 6 Late 2023"]
[White "Amburgy, Ryan"]
[Black "Vovk, Orest"]
[WhiteFideId "30924820"]
[BlackFideId "14113490"]
[WhiteElo "2134"]
[BlackElo "2215"]
[Result "1-0"]
[Round "11"]
[TimeControl "180+2"]
[Date "2023.06.07"]
[WhiteClock "0:00:29"]
[BlackClock "0:00:03"]
[Board "37"]

1. d4 h6 2. g3 g5 3. Bg2 Bg7 4. e4 c5 5. c3 Nc6 6. Ne2 Qb6 7. d5 Ne5 8. f4 gxf4 9. gxf4 Ng6 10. Nd2 Nh4 11. Bh3 d6 12. Bxc8 Rxc8 13. Rg1 Kf8 14. Qb3 Qa6 15. c4 Rh7 16. Qh3 b5 17. cxb5 Qb7 18. Qxh4 Qxb5 19. Qh3 Rc7 20. Qb3 Qa6 21. Qc4 Qc8 22. Nf3 Rb7 23. e5 Rb4 24. Qd3 Rh8 25. Bd2 Rxb2 26. Bc3 c4 27. Qe4 Rb7 28. Rb1 Qb8 29. Rxb7 Qxb7 30. Qd4 h5 31. Rxg7 Kxg7 32. exd6+ f6 33. dxe7 Qxe7 34. d6 Qd7 35. Qc5 Nh6 36. Qc7 Qxc7 37. dxc7 Rc8 38. Ba5 Nf5 39. Ned4 Nxd4 40. Nxd4 Kf7 41. Nc6 Ra8 42. Nxa7 Rxa7 43. c8=Q Rxa5 44. Qc7+ 1-0


[Site "https://www.chess.com"]

[Event "Titled Tuesday Blitz June 6 Late 2023"]
[White "Martic, Ivan"]
[Black "Jimenez Almeida, Luis David"]
[WhiteFideId "929301"]
[BlackFideId "22242244"]
[WhiteElo "2346"]
[BlackElo "2245"]
[Result "0-1"]
[Round "11"]
[TimeControl "180+2"]
[Date "2023.06.07"]
[WhiteClock "0:00:07"]
[BlackClock "0:00:06"]
[Board "38"]

1. e4 c5 2. Nf3 e6 3. d4 cxd4 4. Nxd4 a6 5. Bd3 Qc7 6. Qe2 d6 7. O-O Nf6 8. c4 Be7 9. Nc3 O-O 10. b3 b5 11. Bb2 bxc4 12. Bxc4 Nbd7 13. Rac1 Bb7 14. f4 Qb6 15. Na4 Qa5 16. Bc3 Qd8 17. e5 Ne4 18. Bb2 dxe5 19. fxe5 Ndc5 20. Rcd1 Qc7 21. Nxc5 Bxc5 22. Qh5 Rad8 23. Kh1 Qb6 24. Nf5 Rxd1 25. Qxd1 exf5 26. e6 Nf2+ 27. Rxf2 Bxf2 28. exf7+ Kh8 29. Qa1 Qg6 30. Qf1 Bc5 31. b4 Bxb4 32. Bb3 Bd6 33. h3 Be4 34. Qf2 Rxf7 35. Qd2 Rf8 36. Bd4 h6 37. Be3 Qg3 38. Bg1 Qxh3+ 39. Bh2 Qxh2# 0-1


[Site "https://www.chess.com"]

[Event "Titled Tuesday Blitz June 6 Late 2023"]
[White "Filgueira, Hernan"]
[Black "Annaberdiyev, Meylis"]
[WhiteFideId "101770"]
[BlackFideId "14000563"]
[WhiteElo "2363"]
[BlackElo "2416"]
[Result "0-1"]
[Round "11"]
[TimeControl "180+2"]
[Date "2023.06.07"]
[WhiteClock "0:00:01"]
[BlackClock "0:00:11"]
[Board "39"]

1. c4 e5 2. Nc3 Nc6 3. Nf3 f5 4. d4 e4 5. Ng5 Nf6 6. Nh3 Bb4 7. e3 Bxc3+ 8. bxc3 O-O 9. Ba3 d6 10. c5 d5 11. c4 Be6 12. Nf4 Bf7 13. Qc2 Kh8 14. h4 Qd7 15. h5 h6 16. Rb1 Rab8 17. Be2 Rfe8 18. g3 Kh7 19. cxd5 Nxd5 20. Ng6 Re6 21. Nh4 Rf6 22. Ng2 Nce7 23. Bb5 c6 24. Be2 Qe8 25. Rb2 b5 26. cxb6 axb6 27. Bb4 Ra8 28. Bd2 b5 29. g4 Be6 30. gxf5 Bxf5 31. Nh4 Kh8 32. Rg1 Bh7 33. Qc5 Ra4 34. a3 Nf5 35. Ng6+ Bxg6 36. hxg6 Rxg6 37. Rf1 Rf6 38. Bxb5 cxb5 39. Qxd5 Rc4 40. Qxb5 Qxb5 41. Rxb5 Rc2 42. Ke2 Ra2 43. Rfb1 Kh7 44. R1b2 Ra1 45. a4 Rxa4 0-1


[Site "https://www.chess.com"]

[Event "Titled Tuesday Blitz June 6 Late 2023"]
[White "Pinheiro, Iung Alicio de O."]
[Black "Wadsworth, Matthew J"]
[WhiteFideId "2104350"]
[BlackFideId "415804"]
[WhiteElo "2283"]
[BlackElo "2347"]
[Result "1-0"]
[Round "11"]
[TimeControl "180+2"]
[Date "2023.06.07"]
[WhiteClock "0:00:08"]
[BlackClock "0:00:02"]
[Board "40"]

1. e4 c5 2. Nf3 e6 3. d3 Nc6 4. g3 Nf6 5. Bg2 d5 6. Qe2 Be7 7. O-O b6 8. c3 Bb7 9. Re1 h6 10. h4 Qc7 11. Na3 O-O-O 12. Nb5 Qd7 13. Bf4 a6 14. Na3 g5 15. hxg5 hxg5 16. Bxg5 Rdg8 17. Nc2 dxe4 18. dxe4 Ng4 19. Rad1 Qe8 20. Bf4 e5 21. Bc1 f6 22. Ne3 Nxe3 23. Bxe3 Kb8 24. b4 Bc8 25. bxc5 Qh5 26. Qb2 b5 27. a4 b4 28. cxb4 Bh3 29. b5 Na5 30. bxa6+ Ka8 31. Nh4 Bxg2 32. Kxg2 1-0


[Site "https://www.chess.com"]

[Event "Titled Tuesday Blitz June 6 Late 2023"]
[White "Adewumi, Tanitoluwa"]
[Black "Jovic, Stanoje"]
[WhiteFideId "30966396"]
[BlackFideId "905020"]
[WhiteElo "2623"]
[BlackElo "2236"]
[Result "1-0"]
[Round "11"]
[TimeControl "180+2"]
[Date "2023.06.07"]
[WhiteClock "0:01:40"]
[BlackClock "0:01:06"]
[Board "41"]

1. e4 c6 2. d4 d5 3. exd5 cxd5 4. Bd3 Nc6 5. c3 g6 6. Nf3 Nh6 7. O-O f6 8. b4 a6 9. a4 Nf7 10. Re1 Bg7 11. Ra2 O-O 12. Ba3 e5 13. b5 axb5 14. axb5 Re8 15. bxc6 e4 16. cxb7 Bxb7 17. Bb5 Re6 18. Nfd2 Bf8 19. Qb3 Qa5 20. c4 Rb6 21. Bxf8 Qxa2 22. Qxa2 Rxa2 23. Bc5 Re6 24. cxd5 Bxd5 25. Nc3 Rxd2 26. Nxd5 Nd6 27. Bd7 e3 28. Bxe6+ 1-0


[Site "https://www.chess.com"]

[Event "Titled Tuesday Blitz June 6 Late 2023"]
[White "Mayeregger, Arnold"]
[Black "Tejedor Fuente, Enrique"]
[WhiteFideId "3705226"]
[BlackFideId "2299100"]
[WhiteElo "2038"]
[BlackElo "2496"]
[Result "1-0"]
[Round "11"]
[TimeControl "180+2"]
[Date "2023.06.07"]
[WhiteClock "0:00:19"]
[BlackClock "0:00:06"]
[Board "42"]

1. d4 e6 2. c4 Nf6 3. Nc3 d5 4. cxd5 exd5 5. Bg5 c6 6. e3 Be7 7. Bd3 O-O 8. Nge2 Nbd7 9. Qc2 Re8 10. O-O g6 11. Rad1 Nf8 12. f3 Ne6 13. Bh4 Nh5 14. Bf2 b6 15. Rfe1 f5 16. e4 Nhg7 17. exf5 Nxf5 18. Bxf5 gxf5 19. Ng3 Ng7 20. Be3 Bd6 21. Qd2 Qf6 22. Bg5 Qf7 23. Bf4 Bf8 24. Be5 Re6 25. Nce2 a5 26. Nf4 Bb4 27. Qc2 Bxe1 28. Rxe1 Re8 29. Qxc6 Bb7 30. Qh6 Rac8 31. Ngh5 Rc6 32. Qg5 h6 33. Qxg7+ Qxg7 34. Nxg7 Rxe5 35. Rxe5 Kxg7 36. Rxf5 Rc1+ 37. Kf2 Rc2+ 38. Kg3 Rxb2 39. Ne6+ Kg6 40. Rf8 Rxa2 41. f4 Ra3+ 42. Kg4 h5+ 43. Kh4 Ra2 44. f5+ Kh7 45. Rf7+ Kh6 46. Rxb7 Rxg2 47. h3 Rg8 48. Rf7 a4 49. Rf6+ Kh7 50. Ng5+ Kg7 51. Rg6+ Kf8 52. Rxb6 Rg7 53. Ne6+ Kf7 54. Nxg7 a3 55. Ra6 a2 56. Rxa2 Kf6 57. Nxh5+ Kf7 58. Ra6 Ke7 59. f6+ Kf7 60. Kg5 Ke8 61. Ra7 Kf8 62. Kg6 Ke8 63. f7+ Kf8 64. Ra8+ Ke7 65. f8=Q+ Kd7 66. Qf7+ Kc6 67. Ra6+ Kb5 68. Qb7+ Kc4 69. Qc6+ Kxd4 70. Ra4+ Ke3 71. Qc5+ d4 72. Qxd4+ Ke2 73. Ra2+ Kf3 74. Ra3+ Ke2 75. Qb2+ Kd1 76. Ra1# 1-0


[Site "https://www.chess.com"]

[Event "Titled Tuesday Blitz June 6 Late 2023"]
[White "Eugene, Floryan"]
[Black "Mei, Austin"]
[WhiteFideId "20694784"]
[BlackFideId "30948479"]
[WhiteElo "2369"]
[BlackElo "2125"]
[Result "1-0"]
[Round "11"]
[TimeControl "180+2"]
[Date "2023.06.07"]
[WhiteClock "0:00:18"]
[BlackClock "0:00:11"]
[Board "43"]

1. d4 Nf6 2. c4 e6 3. g4 Nxg4 4. e4 Nf6 5. e5 Ng8 6. Nf3 d6 7. Bg5 Be7 8. Rg1 g6 9. Nc3 h6 10. Bf4 Nd7 11. Qc2 dxe5 12. dxe5 g5 13. Be3 b6 14. O-O-O Bb7 15. Nd4 Nxe5 16. Nxe6 Qxd1+ 17. Nxd1 fxe6 18. f4 Nf7 19. Qg6 Nf6 20. fxg5 Rg8 21. Qc2 hxg5 22. Qa4+ Kf8 23. Bg2 Ne4 24. Nf2 Nfd6 25. c5 Nxc5 26. Bxc5 bxc5 27. Bxb7 Nxb7 28. Qc6 Rb8 29. Qxe6 Nd6 30. Ng4 Rg7 31. Rf1+ Rf7 32. Rxf7+ Nxf7 33. Ne3 Bd6 34. Nf5 Re8 35. Qg6 Be5 36. Nh6 Bf4+ 37. Kc2 Nxh6 38. Qxh6+ Ke7 39. Qh7+ Kd8 40. Qf5 Re2+ 41. Kb3 Rxh2 42. Qxc5 a6 43. Qf8+ Kd7 44. Qg7+ Kc6 45. Kc4 Kb7 46. Kd5 Rd2+ 47. Ke4 Rd6 48. Kf3 Rb6 49. b3 Rd6 50. Qc3 Rc6 51. Qb4+ Rb6 52. Qc4 Rd6 53. a4 Rc6 54. Qd5 Kb6 55. a5+ Kb7 56. Kg4 Be3 57. b4 Ba7 58. b5 axb5 59. Qxb5+ Bb6 60. a6+ Ka7 61. Qxc6 Kxa6 62. Kxg5 Ka5 63. Kf5 Kb4 64. Ke4 Ka5 65. Kd3 Kb4 66. Qc4+ Ka5 67. Kc2 c5 68. Kb3 Ba7 69. Kc2 Kb6 70. Kd3 Kb7 71. Ke4 Kb6 72. Kd5 Bb8 73. Ke6 Bc7 74. Kd7 Bf4 75. Qe6+ Kb5 76. Qb3+ Ka5 77. Kc6 1-0


[Site "https://www.chess.com"]

[Event "Titled Tuesday Blitz June 6 Late 2023"]
[White "Lopez Mulet, Inigo"]
[Black "Yeritsyan, Hayk"]
[WhiteFideId "22235620"]
[BlackFideId "13307320"]
[WhiteElo "2302"]
[BlackElo "2497"]
[Result "1-0"]
[Round "11"]
[TimeControl "180+2"]
[Date "2023.06.07"]
[WhiteClock "0:02:20"]
[BlackClock "0:00:03"]
[Board "44"]

1. d4 d5 2. Bg5 c6 3. Nf3 Qb6 4. b3 Bf5 5. e3 e6 6. Bd3 Bxd3 7. cxd3 Bb4+ 8. Nbd2 Nd7 9. O-O Bxd2 10. Qxd2 Ngf6 11. Bh4 O-O 12. h3 Rfe8 13. Bg3 Rac8 14. Rfe1 c5 15. dxc5 Nxc5 16. Rac1 Qa6 17. Ne5 Nfd7 18. Nxd7 Nxd7 19. Rxc8 Rxc8 20. Rc1 Rxc1+ 21. Qxc1 Qc6 22. Qxc6 bxc6 23. Kf1 Kf8 24. Ke2 Ke7 25. Kd2 e5 26. Kc3 Kd6 27. Kb4 Kc7 28. d4 f6 29. Ka5 Kb7 30. dxe5 fxe5 31. f4 exf4 32. exf4 g6 33. Kb4 c5+ 34. Kc3 Kc6 35. Bh4 d4+ 36. Kd2 Kd5 37. Kd3 Nf8 38. Be7 Ne6 39. g3 h5 40. a3 a6 41. Bf6 Nc7 42. Be5 Ne6 43. Bb8 Ng7 44. g4 hxg4 45. hxg4 Ne6 46. f5 gxf5 47. gxf5 Ng5 48. f6 Nf7 49. Ba7 Ne5+ 50. Kc2 Nd7 51. f7 Kc6 52. Kd3 Kd5 53. Kc2 Kc6 54. b4 cxb4 55. axb4 Kb5 56. Kb3 d3 57. Be3 Nf8 58. Bd2 Ne6 59. Bh6 a5 60. bxa5 Kxa5 61. Kc3 Kb5 62. Kxd3 Kc6 63. Ke4 Kd7 64. Kf5 Ke7 65. Kg6 Kd7 66. Kf6 Kd6 67. Bf4+ Kd7 68. Bd2 Kd6 69. Bb4+ Kd7 70. Ba3 Nc7 71. f8=Q Nd5+ 72. Ke5 Nc7 73. Qd6+ Kc8 74. Qh6 Kb7 75. Qg7 Kc6 76. Bd6 Nb5 77. Bb4 Kb6 78. Kd5 Nc7+ 79. Kc4 Kc6 80. Ba5 Na6 81. Qg6+ Kb7 82. Kb5 Nb8 83. Qf7+ Ka8 84. Kb6 Nd7+ 85. Qxd7 1-0


[Site "https://www.chess.com"]

[Event "Titled Tuesday Blitz June 6 Late 2023"]
[White "Santos Flores, Alberto"]
[Black "Fiorito, Joaquin"]
[WhiteFideId "3601234"]
[BlackFideId "180173"]
[WhiteElo "2235"]
[BlackElo "2199"]
[Result "0-1"]
[Round "11"]
[TimeControl "180+2"]
[Date "2023.06.07"]
[WhiteClock "0:01:14"]
[BlackClock "0:01:38"]
[Board "45"]

1. e4 c6 2. d4 d5 3. Nc3 dxe4 4. Nxe4 Nf6 5. Nxf6+ exf6 6. c3 Bd6 7. Bd3 O-O 8. Ne2 Re8 9. O-O Nd7 10. Ng3 g6 11. Re1 Rxe1+ 12. Qxe1 f5 13. Bh6 Nf6 14. Bc4 Ng4 15. Bd2 Bd7 16. h3 Nf6 17. Bh6 Qc7 18. Qd2 Re8 19. Re1 Bxg3 20. fxg3 Qxg3 21. Rxe8+ Bxe8 22. Qe2 Ne4 23. Bd3 Qh4 24. Bc1 Bd7 25. Bxe4 fxe4 26. Qf2 Qh5 27. Be3 Be6 28. Qf6 Qf5 29. Qxf5 Bxf5 30. g4 Be6 31. Kh2 Bxa2 32. g5 Be6 33. h4 Kf8 34. Bf4 Ke7 35. Be5 a5 36. Kg3 Bf5 37. Kf4 Ke6 38. Bc7 a4 39. Be5 Kd5 40. Bg7 Kc4 41. Bf8 Kd3 42. c4 Kxd4 43. Bb4 Kxc4 44. Bc3 b5 45. Ke3 b4 46. Be5 c5 47. h5 gxh5 0-1


[Site "https://www.chess.com"]

[Event "Titled Tuesday Blitz June 6 Late 2023"]
[White "Barria Santos, Jose Guilherme"]
[Black "Aldokhin, Ivan"]
[WhiteFideId "1939300"]
[BlackFideId "24115720"]
[WhiteElo "2266"]
[BlackElo "2322"]
[Result "0-1"]
[Round "11"]
[TimeControl "180+2"]
[Date "2023.06.07"]
[WhiteClock "0:00:04"]
[BlackClock "0:00:02"]
[Board "46"]

1. Nf3 Nf6 2. g3 g6 3. Bg2 Bg7 4. O-O O-O 5. d4 d6 6. c4 Nc6 7. Nc3 Bf5 8. d5 Na5 9. b3 Ne4 10. Nxe4 Bxe4 11. Bd2 c5 12. Rc1 b5 13. Qe1 b4 14. Ng5 Bxg2 15. Kxg2 Nb7 16. e4 h6 17. Nf3 a5 18. e5 a4 19. Qe3 axb3 20. axb3 Ra3 21. Rfe1 Na5 22. Rb1 Nxc4 23. Qe2 Nxe5 24. Nxe5 dxe5 25. Qc4 Qa8 26. Bc1 Ra2 27. Kg1 Rd8 28. Rd1 e6 29. d6 Bf8 30. Qxc5 Ra6 31. Qxb4 Raxd6 32. Rxd6 Rxd6 33. Qe1 Qf3 34. Be3 h5 35. b4 h4 36. b5 Rd7 37. Qf1 f5 38. Qg2 Rd1+ 39. Rxd1 Qxd1+ 40. Qf1 Qb3 41. b6 Bd6 42. Qc1 h3 43. Qf1 f4 44. Bc1 Qxb6 45. Qxh3 Qb3 46. Qg4 Kf7 47. Qe2 Qd5 48. Qf1 f3 49. Be3 Bc5 50. Qc1 Bxe3 51. fxe3 e4 52. Qc2 Qd3 53. Qf2 Qd1+ 54. Qf1 Qxf1+ 55. Kxf1 Kf6 0-1


[Site "https://www.chess.com"]

[Event "Titled Tuesday Blitz June 6 Late 2023"]
[White "ATM622"]
[Black "zsizsi99"]
[WhiteElo "2584"]
[BlackElo "2447"]
[Result "1-0"]
[Round "11"]
[TimeControl "180+2"]
[Date "2023.06.07"]
[WhiteClock "0:01:42"]
[BlackClock "0:00:21"]
[Board "47"]

1. d4 Nf6 2. c4 e6 3. g3 d5 4. Bg2 Be7 5. Nf3 O-O 6. O-O dxc4 7. Ne5 c6 8. Nxc4 b5 9. Ne5 Bb7 10. a4 a6 11. axb5 axb5 12. Rxa8 Bxa8 13. e4 c5 14. dxc5 Qxd1 15. Rxd1 Bxc5 16. Nd3 Bb6 17. e5 Bxg2 18. Kxg2 Nd5 19. Na3 b4 20. Nc4 Bc7 21. Bd2 Nc6 22. f4 Ra8 23. Rc1 Ra6 24. Ne3 Nxe3+ 25. Bxe3 Kf8 26. Nxb4 Nxb4 27. Rxc7 Nd5 28. Bc5+ Ke8 29. Ra7 Rxa7 30. Bxa7 Kd7 31. Bc5 Kc6 32. Bf8 g6 33. Kf3 f5 34. exf6 Nxf6 35. Bg7 Nd7 36. Kg4 Kd5 37. Kg5 Ke4 38. Kh6 Kf3 39. Kxh7 Kg2 40. Kxg6 Kxh2 41. Kf7 Kxg3 42. Kxe6 Nc5+ 43. Kd5 1-0


[Site "https://www.chess.com"]

[Event "Titled Tuesday Blitz June 6 Late 2023"]
[White "Di Berardino, Diego Rafael"]
[Black "D`Arruda, Ricardo D."]
[WhiteFideId "2105446"]
[BlackFideId "100692"]
[WhiteElo "2426"]
[BlackElo "2539"]
[Result "1-0"]
[Round "11"]
[TimeControl "180+2"]
[Date "2023.06.07"]
[WhiteClock "0:01:48"]
[BlackClock "0:01:45"]
[Board "48"]

1. d4 Nf6 2. Nf3 e6 3. Bg5 d5 4. Nbd2 Be7 5. e3 O-O 6. Bd3 c5 7. c3 Nbd7 8. Ne5 h6 9. Bf4 Qb6 10. Rb1 Re8 11. g4 Nxe5 12. dxe5 Nd7 13. h4 g5 14. hxg5 hxg5 15. Qf3 gxf4 16. Qh3 1-0


[Site "https://www.chess.com"]

[Event "Titled Tuesday Blitz June 6 Late 2023"]
[White "Chabris, Christopher"]
[Black "Moral Garcia, Serafin"]
[WhiteFideId "2005263"]
[BlackFideId "2201925"]
[WhiteElo "2421"]
[BlackElo "2274"]
[Result "0-1"]
[Round "11"]
[TimeControl "180+2"]
[Date "2023.06.07"]
[WhiteClock "0:00:03"]
[BlackClock "0:01:07"]
[Board "49"]

1. e4 c5 2. Nf3 e6 3. d4 cxd4 4. Nxd4 Nc6 5. Nc3 Qc7 6. g3 a6 7. Bg2 d6 8. O-O Bd7 9. Re1 Be7 10. a4 Bf6 11. Nxc6 Bxc6 12. Nd5 Bxd5 13. exd5 e5 14. a5 Ne7 15. Be3 O-O 16. Bb6 Qd7 17. Qh5 g6 18. Bh3 Qb5 19. Qf3 Bg7 20. Red1 f5 21. Qd3 Qxd3 22. Rxd3 e4 23. Rdd1 Rac8 24. c3 Be5 25. Ra4 Kg7 26. Rb4 Ng8 27. Bd4 Rc7 28. Bxe5+ dxe5 29. d6 Rd7 30. c4 Rc8 31. Rd5 Kf6 32. c5 Ke6 33. Rd1 Rxc5 34. Rxe4 Rxd6 35. Rxd6+ Kxd6 36. Rb4 Rb5 37. Rxb5 axb5 38. b4 Nf6 39. Bf1 Kc6 40. Kg2 Nd5 41. Kf3 Nxb4 42. g4 Nd5 43. gxf5 gxf5 44. Ke2 Kc5 45. Kd3 e4+ 46. Kc2 b4 47. Kb3 Nc7 48. Bh3 f4 49. Bf5 e3 50. fxe3 fxe3 51. Bd3 Nb5 52. h4 Nd4+ 53. Kb2 e2 0-1


[Site "https://www.chess.com"]

[Event "Titled Tuesday Blitz June 6 Late 2023"]
[White "Prieto Aranguren, Alain"]
[Black "Hajiyev, Kanan"]
[WhiteFideId "2268906"]
[BlackFideId "13404148"]
[WhiteElo "2209"]
[BlackElo "2115"]
[Result "1/2-1/2"]
[Round "11"]
[TimeControl "180+2"]
[Date "2023.06.07"]
[WhiteClock "0:00:13"]
[BlackClock "0:00:07"]
[Board "50"]

1. e4 c6 2. d4 d5 3. exd5 cxd5 4. Nf3 Bg4 5. Bd3 Nc6 6. O-O Bxf3 7. Qxf3 Nxd4 8. Qe3 Nc6 9. c4 d4 10. Qe2 Nf6 11. Bg5 e6 12. Nd2 Be7 13. f4 O-O 14. Rf3 Nb4 15. Rh3 Nxd3 16. Qxd3 g6 17. Qg3 Kg7 18. Qh4 h5 19. Ne4 Nxe4 20. Bxe7 Qb6 21. c5 Qxb2 22. Bxf8+ Rxf8 23. Rf1 Qxa2 24. Qe1 Qd5 25. Ra3 d3 26. Qe3 d2 27. Rd3 Qxc5 28. Qxc5 Nxc5 29. Rxd2 a5 30. Rb1 Rc8 31. Rc2 Rc6 32. Rxb7 Nxb7 33. Rxc6 Kf6 34. Ra6 h4 35. Ra7 Nc5 36. Rxa5 Nd3 37. g3 hxg3 38. hxg3 Nb4 39. Kg2 Nd5 40. Kf3 g5 41. Ra7 gxf4 42. gxf4 Ne7 43. Ke4 Nf5 44. Ra8 Nd6+ 45. Kf3 Nc4 46. Kg4 Ne3+ 47. Kf3 Nd5 48. Rh8 Kf5 49. Rh5+ Kg6 50. Rh1 f6 51. Ke4 Nc3+ 52. Kf3 Nd5 53. Ke4 Nc3+ 54. Kf3 Kf5 55. Rh5+ Kg6 56. Rh1 1/2-1/2


[Site "https://www.chess.com"]

[Event "Titled Tuesday Blitz June 6 Late 2023"]
[White "Novikov, Evgenij"]
[Black "The_Straightforward_Rook"]
[WhiteFideId "4125380"]
[WhiteElo "2242"]
[BlackElo "2396"]
[Result "1/2-1/2"]
[Round "11"]
[TimeControl "180+2"]
[Date "2023.06.07"]
[WhiteClock "0:00:06"]
[BlackClock "0:00:26"]
[Board "51"]

1. d4 Nf6 2. c4 e6 3. a3 d5 4. Nc3 Be7 5. cxd5 exd5 6. Bg5 c6 7. e3 Nbd7 8. Bd3 Ne4 9. Bxe7 Qxe7 10. Bxe4 dxe4 11. Nge2 Nf6 12. Ng3 O-O 13. Qc2 Re8 14. O-O g6 15. Rae1 h5 16. f3 exf3 17. gxf3 h4 18. Nge4 Bf5 19. Nxf6+ Qxf6 20. Qg2 h3 21. Qg3 Rad8 22. Ne4 Qe7 23. Ng5 Qd6 24. Kf2 Qxg3+ 25. Kxg3 f6 26. Nxh3 Kf7 27. Nf2 g5 28. e4 Be6 29. Rd1 Re7 30. Rd2 Red7 31. Rfd1 Bb3 32. Re1 Rxd4 33. Rxd4 Rxd4 34. Re2 c5 35. e5 Bd5 36. exf6 Kxf6 37. Ng4+ Kg6 38. Ne5+ Kf5 39. h3 Rd1 40. Ng4 Rd3 41. Re5+ Kg6 42. Re3 Rxe3 43. Nxe3 Be6 44. h4 b5 45. hxg5 Kxg5 46. f4+ Kf6 47. Kf3 a5 48. Ke4 b4 49. axb4 cxb4 50. f5 Bf7 51. Ng4+ Kg5 52. Ne5 Bb3 53. Nc6 Bc2+ 54. Kd4 a4 55. Nxb4 Bxf5 56. Kc3 Kf6 57. Nd5+ Ke5 58. Nb6 Kd6 59. Nxa4 Kc6 60. b3 Kb5 61. Nb2 Be6 62. b4 Bf5 63. Nd1 Be6 64. Ne3 Bf7 65. Nc2 Bg8 66. Nd4+ Kb6 67. Nf5 Bf7 68. Nd6 Be6 69. Ne4 Bd5 70. Nd2 Kb5 71. Nb1 Be6 72. Na3+ Kb6 73. Kd4 Bg8 74. Nb1 Bf7 75. Nc3 Bg8 76. Ke5 Bf7 77. Kf6 Bg8 78. Kg7 Bb3 79. Kf6 Kc6 80. Ke5 Kb6 81. Kd6 Bg8 82. Ke5 Bb3 83. Kd4 Bg8 84. Kd3 Bf7 85. Kc2 Bg8 86. Kb2 Bf7 87. Ka3 Bg8 88. b5 Bc4 89. Kb4 Bxb5 1/2-1/2


[Site "https://www.chess.com"]

[Event "Titled Tuesday Blitz June 6 Late 2023"]
[White "Cardozo Munar, Carlos Eduardo"]
[Black "Rangel, Daniel"]
[WhiteFideId "4409477"]
[BlackFideId "2124475"]
[WhiteElo "2067"]
[BlackElo "2231"]
[Result "0-1"]
[Round "11"]
[TimeControl "180+2"]
[Date "2023.06.07"]
[WhiteClock "0:00:15"]
[BlackClock "0:01:06"]
[Board "52"]

1. d4 Nf6 2. Bg5 e6 3. Nd2 c5 4. c3 b6 5. e4 h6 6. Bh4 Bb7 7. e5 g5 8. Bg3 Nd5 9. Bd3 cxd4 10. cxd4 Nf4 11. Bxf4 gxf4 12. f3 Rg8 13. Qe2 Nc6 14. Nb3 Nb4 15. Be4 Ba6 16. Qd2 Rc8 17. a3 Qh4+ 18. Kd1 Bc4 19. Nc1 Nd5 20. Bxd5 Bxd5 21. Nd3 Bb3+ 22. Ke2 Rxg2+ 23. Kf1 Rxd2 24. Nf2 Qxf2# 0-1


[Site "https://www.chess.com"]

[Event "Titled Tuesday Blitz June 6 Late 2023"]
[White "Licznerski, Lukasz"]
[Black "Ladan, Nicholas"]
[WhiteFideId "1179250"]
[BlackFideId "30918855"]
[WhiteElo "2453"]
[BlackElo "2167"]
[Result "1-0"]
[Round "11"]
[TimeControl "180+2"]
[Date "2023.06.07"]
[WhiteClock "0:01:17"]
[BlackClock "0:00:49"]
[Board "53"]

1. e4 e5 2. Nf3 Nc6 3. Bb5 a6 4. Bxc6 dxc6 5. O-O Bd6 6. d4 exd4 7. Qxd4 f6 8. Nbd2 Ne7 9. Nc4 Bg4 10. e5 Bxf3 11. exd6 Bh5 12. Qh4 Be2 13. dxe7 Qxe7 14. Re1 O-O-O 15. Qh3+ Kb8 16. Qe3 Rhe8 17. Qxe7 Rxe7 18. Ne3 Bh5 19. b3 Bg6 20. Ba3 a5 21. Bxe7 1-0


[Site "https://www.chess.com"]

[Event "Titled Tuesday Blitz June 6 Late 2023"]
[White "Shuvalova, Polina"]
[Black "Petesch, Gabriel"]
[WhiteFideId "24171760"]
[BlackFideId "2032465"]
[WhiteElo "2281"]
[BlackElo "2374"]
[Result "1/2-1/2"]
[Round "11"]
[TimeControl "180+2"]
[Date "2023.06.07"]
[WhiteClock "0:00:07"]
[BlackClock "0:00:08"]
[Board "54"]

1. Nf3 Nf6 2. g3 g6 3. Bg2 Bg7 4. O-O c5 5. d4 cxd4 6. Nxd4 d5 7. c4 O-O 8. Nc3 dxc4 9. Ndb5 Nbd7 10. Bf4 a6 11. Bc7 Qe8 12. Na3 Nc5 13. Nxc4 Qd7 14. Bb6 Qxd1 15. Rfxd1 Nfd7 16. Bc7 Bxc3 17. bxc3 Ne6 18. Ba5 Rb8 19. Nb6 Ne5 20. Rab1 Nc6 21. Bxc6 bxc6 22. Nd5 Rxb1 23. Nxe7+ Kg7 24. Rxb1 Re8 25. Nxc6 Nc5 26. Nd4 Ne4 27. f3 Nd2 28. Rb8 Nc4 29. Bb4 a5 30. Bc5 Ne5 31. Bd6 Nd7 32. Ra8 Nb6 33. Rxa5 Nc4 34. Bb4 Nxa5 35. Bxa5 Ba6 36. Kf2 Bc4 37. a3 Ra8 38. Bb4 f6 39. e4 Kf7 40. Ke3 h5 41. h3 Bf1 42. h4 Bh3 43. c4 g5 44. c5 Bd7 45. c6 Be8 46. c7 Rc8 47. Bd6 Bd7 48. Nf5 gxh4 49. Nxh4 Ke6 50. Bf4 Ra8 51. Nf5 Rxa3+ 52. Kf2 Bc8 53. Nd4+ Kd7 54. Kg2 Ra2+ 55. Kh3 Ke8+ 56. g4 hxg4+ 57. fxg4 Ra4 58. Nb5 Kd7 59. Nc3 Ra3 60. Bd2 Kxc7 61. Kh4 Kd7 62. Nd5 Ra4 63. Nxf6+ Ke6 64. g5 Kf7 65. Kg3 Bb7 66. Kf4 Ra2 67. Be3 Kg6 68. Bd4 Ra4 69. Be3 Bc6 70. Bc5 Bb7 71. Bd6 Bc6 72. Be7 Bb7 73. Bd8 Kf7 74. Kf5 Bc8+ 75. Ke5 Kg6 76. Kf4 Bb7 77. Bc7 Bc8 78. Be5 Bb7 79. Bd6 Bc6 80. Be5 Bb7 81. Bd6 1/2-1/2


[Site "https://www.chess.com"]

[Event "Titled Tuesday Blitz June 6 Late 2023"]
[White "Veiga, Jose Francisco R P Neves"]
[Black "Pasti, Aron"]
[WhiteFideId "1930087"]
[BlackFideId "785857"]
[WhiteElo "2319"]
[BlackElo "2173"]
[Result "1-0"]
[Round "11"]
[TimeControl "180+2"]
[Date "2023.06.07"]
[WhiteClock "0:00:37"]
[BlackClock "0:00:03"]
[Board "55"]

1. e4 c5 2. Nf3 e6 3. d4 cxd4 4. Nxd4 Nc6 5. Nc3 Qc7 6. g3 Nf6 7. Bg2 a6 8. O-O Nxd4 9. Qxd4 Bc5 10. Qd3 h6 11. Bf4 e5 12. Be3 Bxe3 13. Qxe3 d6 14. Rad1 Be6 15. Rd2 O-O 16. Rfd1 Rfd8 17. h3 b5 18. a3 Rab8 19. Kh2 b4 20. axb4 Rxb4 21. b3 Rc8 22. Na4 Rd4 23. c4 Rxd2 24. Rxd2 Rb8 25. Rd3 Qc6 26. Nb2 Nd7 27. Qd2 Nc5 28. Rxd6 Nxb3 29. Qd1 Qc7 30. Rxa6 Nd4 31. Qd2 Qb7 32. Ra2 Qb3 33. Nd1 Bxc4 34. Rb2 Be6 35. Rxb3 Nxb3 36. Qc3 Nd4 37. Ne3 Rb1 38. Qc5 f6 39. Qe7 Bf7 40. Nd5 Rc1 41. Qd8+ Kh7 42. Qd7 Kg6 43. Ne7+ Kh7 44. Nf5 Nxf5 45. Qxf7 Nd4 46. h4 Rc2 47. Kg1 Rc1+ 48. Bf1 Nf3+ 49. Kg2 Nd2 50. Be2 Nxe4 51. Bd3 Re1 1-0


[Site "https://www.chess.com"]

[Event "Titled Tuesday Blitz June 6 Late 2023"]
[White "Della Morte, German"]
[Black "Zhurbinsky, David"]
[WhiteFideId "113522"]
[BlackFideId "2072904"]
[WhiteElo "2306"]
[BlackElo "2642"]
[Result "1-0"]
[Round "11"]
[TimeControl "180+2"]
[Date "2023.06.07"]
[WhiteClock "0:01:18"]
[BlackClock "0:00:09"]
[Board "56"]

1. e4 e5 2. Nf3 Nc6 3. Bb5 a6 4. Ba4 Nf6 5. O-O Be7 6. c3 b5 7. Bc2 O-O 8. d4 d6 9. h3 h6 10. Be3 Re8 11. Nbd2 Bf8 12. Re1 g6 13. d5 Nb8 14. a4 Bb7 15. axb5 axb5 16. Rxa8 Bxa8 17. Bd3 c6 18. dxc6 Bxc6 19. Qb3 Qa5 20. Nh4 d5 21. exd5 Nxd5 22. Ne4 Bg7 23. Nd6 Rd8 24. Nxb5 Nxe3 25. Rxe3 Na6 26. Nxg6 Nc5 27. Ne7+ Kf8 28. Qc4 Qxb5 29. Nxc6 Qxc6 30. b4 Rc8 31. bxc5 Qxc5 32. Qxc5+ Rxc5 33. Be4 Ke7 34. g4 Bf6 35. Rd3 Bg5 36. Kg2 Bf4 37. Kf3 Kf6 38. Bd5 Kg7 39. c4 Kf6 40. Rb3 Kg7 41. Rb7 Ra5 42. Rxf7+ Kg6 43. Rf5 Ra1 44. h4 Rd1 45. h5+ Kg7 46. Rxf4 exf4 47. Kxf4 Kf6 48. Ke4 Re1+ 49. Kf4 Rc1 50. f3 Rc3 51. Ke4 Kg5 52. Kd4 Rc1 53. c5 Kf6 54. f4 Rg1 55. Bf3 Rg3 56. Ke4 Rg1 57. c6 Rc1 58. Kd4 Ke6 59. g5 hxg5 60. fxg5 Rf1 61. Be4 Kd6 62. h6 Rf4 63. h7 Rh4 64. g6 Ke7 65. g7 Kf6 66. g8=Q Rxe4+ 67. Kxe4 Ke7 68. h8=Q Kd6 69. Qd5+ Ke7 70. Qhd8# 1-0


[Site "https://www.chess.com"]